Map: Ever Dream LE

Players

Spatz

  • Race: Protoss Protoss
  • League: Master
  • Spawn Location: 1:00

Denver - Winner!

  • Race: Zerg Zerg
  • League: Master
  • Spawn Location: 7:00

Event: DreamHack SC2 Masters 2020 Summer Europe

VOD

Have the link to the VOD?

Description

Time

  • Played on: July 2, 2020, 2:28 p.m.
  • Length: 13:12

All games in this series

Show
View Real Time Build Order
Export as new Build Order

Spatz Protoss 

Build Orders: 1 Gate Expand, Mass Adepts 

Get SALT Encoding   

  12  0:00  Probe  
  13  0:12  Probe  
  14  0:18  Pylon  
  14  0:24  Probe  
  15  0:32  Probe  
  15  0:38  Gateway  
  15  0:40  Probe  
  16  0:46  Assimilator  
  17  0:51  Probe  
  18  1:03  Probe  
  19  1:15  Probe  
  20  1:23  Nexus  
  20  1:32  Cybernetics Core  
  20  1:36  Probe  
  21  1:42  Assimilator  
  21  1:48  Probe  
  21  1:52  Pylon  
  22  2:00  Probe  
  22  2:01  Adept  
  23  2:08  Probe  
  23  2:09  Warp Gate  
  26  2:16  Probe  
  27  2:23  Twilight Council  
  27  2:29  Probe  
  28  2:31  Adept  
  28  2:33  Probe  
  31  2:41  Probe  
  32  2:44  Probe  
  32  2:47  Robotics Facility  
  33  2:57  Probe  
  34  2:59  Resonating Glaives  
  34  3:02  Probe  
  35  3:08  Stalker  
  35  3:09  Gateway, Probe  
  38  3:14  Probe  
  39  3:21  Probe  
  41  3:28  Warp Prism  
  41  3:31  Gateway  
  41  3:33  Gateway  
  40  3:40  Probe  
  43  3:42  Probe  
  44  3:48  Pylon  
  44  3:52  Probe  
  44  3:54  Probe  
  46  3:56  Pylon  
  46  4:06  Adept, Probe  
  46  4:07  Adept, Probe  
  52  4:15  Assimilator, Pylon  
  52  4:18  Probe  
  54  4:27  Adept  
  54  4:28  Adept x3, Pylon  
  61  4:33  Probe  
  61  4:34  Assimilator  
  61  4:38  Pylon  
  63  4:49  Adept x4  
  63  4:52  Probe x2  
  72  4:53  Observer  
  72  4:58  Pylon  
  73  5:04  Probe  
  74  5:08  Probe  
  65  5:14  Adept x4  
  73  5:32  Nexus  
  73  5:34  Pylon  
  73  5:35  Immortal  
  73  5:36  Sentry x2, Adept  
  83  5:51  Probe  
  83  5:52  Probe  
  85  6:03  Sentry, Probe  
  85  6:04  Sentry  
  86  6:05  Blink, Probe  
  86  6:08  Forge  
  86  6:11  Immortal  
  87  6:15  Probe  
  88  6:22  Probe  
  93  6:26  Protoss Ground Weapons Level 1  
  93  6:27  Probe  
  94  6:34  Probe  
  91  6:40  Immortal, Probe, Pylon  
  91  6:43  Pylon  
  90  6:49  Probe  
  90  6:50  Probe  
  96  6:54  Gateway  
  96  6:56  Probe  
  96  6:58  Sentry  
  99  7:03  Sentry x2, Probe x2  
  99  7:06  Shield Battery  
  105  7:08  Probe, Pylon  
  105  7:14  Immortal  
  102  7:17  Gateway  
  102  7:20  Gateway  
  102  7:22  Stalker x2  
  104  7:28  Stalker  
  110  7:30  Probe  
  110  7:33  Pylon  
  110  7:35  Assimilator  
  111  7:47  Probe  
  111  7:49  Probe  
  113  7:51  Stalker x3  
  113  7:52  Stalker x2  
  123  8:02  Pylon  
  123  8:04  Assimilator, Probe  
  124  8:15  Stalker x7  
  138  8:29  Immortal, Probe  
  138  8:33  Probe  
  143  8:42  Stalker, Protoss Ground Weapons Level 2  
  143  8:49  Probe  
  143  8:54  Robotics Facility  
  143  8:55  Probe  
  145  8:58  Adept x5  
  145  9:01  Probe  
  156  9:10  Probe  
  156  9:15  Charge  
  155  9:19  Probe  
  155  9:21  Probe  
  155  9:22  Adept, Robotics Bay  
  155  9:23  Adept x3  
  157  9:25  Pylon  
  157  9:26  Immortal  
  157  9:27  Pylon  
  157  9:43  Probe x2  
  155  9:49  Photon Cannon, Phoenix  
  155  9:52  Stalker x7  
  165  9:55  Photon Cannon  
  165  9:58  Photon Cannon  
  165  10:03  Colossus  
  165  10:12  Extended Thermal Lance  
  165  10:13  Pylon  
  165  10:14  Pylon  
  165  10:27  Stalker x5  
  150  10:32  Probe  
  129  10:35  Probe  
  129  10:37  Probe  
  123  10:44  Probe  
  123  10:47  Stalker  
  123  10:48  Disruptor, Probe  
  123  10:49  Probe  
  127  10:54  Probe  
  127  10:56  Probe  
  128  11:02  Probe x2  
  133  11:04  Probe  
  135  11:13  Stalker  
  137  11:19  Probe  
  137  11:25  Probe  
  140  11:32  Probe  
  140  11:35  Disruptor  
  140  11:42  Probe  
  140  11:46  Disruptor, Probe  
  143  11:47  Probe  
  143  11:52  Stalker  
  146  12:00  Probe  
  146  12:01  Probe x2  
  143  12:12  Probe  
  143  12:13  Probe  
  145  12:18  Probe  
  145  12:21  Adept x2  
  145  12:22  Adept x2  
  154  12:24  Probe  
  154  12:27  Adept x2  
  153  12:31  Probe  
  153  12:35  Probe  
  153  12:36  Probe  
  144  12:43  Probe  
  145  12:45  Probe  
  145  12:48  Probe  
  147  12:53  Probe  
  147  12:55  Probe  
  147  12:57  Adept  
  148  12:58  Adept  
Show
View Real Time Build Order
Export as new Build Order

Denver Zerg - Winner!

Build Orders: Hatch First 

Get SALT Encoding   

  12  0:01  Drone  
  13  0:12  Overlord  
  13  0:17  Drone  
  14  0:31  Drone x2  
  16  0:48  Hatchery  
  15  0:52  Drone  
  15  0:55  Drone  
  17  0:59  Drone  
  18  1:10  Extractor  
  17  1:15  Spawning Pool  
  16  1:19  Drone  
  16  1:22  Drone  
  18  1:29  Drone  
  19  1:39  Drone  
  20  1:52  Drone  
  21  2:02  Queen  
  21  2:03  Zergling x4, Queen  
  27  2:13  Metabolic Boost  
  27  2:14  Overlord  
  27  2:16  Drone  
  28  2:33  Drone x4  
  32  2:43  Hatchery  
  31  2:46  Drone  
  31  2:50  Overlord  
  32  2:56  Drone x2  
  34  3:03  Queen  
  36  3:10  Drone  
  37  3:13  Overlord  
  37  3:14  Drone x2  
  37  3:15  Drone  
  37  3:19  Drone  
  41  3:22  Drone  
  41  3:26  Queen  
  44  3:35  Drone x2  
  44  3:37  Overlord  
  46  3:44  Roach Warren  
  46  3:45  Drone  
  46  3:47  Drone  
  46  3:48  Drone x3  
  50  3:55  Overlord  
  50  4:00  Queen  
  50  4:01  Drone x2  
  54  4:03  Spine Crawler  
  54  4:09  Zergling x6  
  56  4:14  Overlord  
  56  4:17  Extractor, Zergling x6  
  59  4:18  Zergling x2  
  59  4:20  Zergling x2  
  59  4:21  Zergling x2  
  61  4:27  Zergling x4  
  61  4:31  Roach  
  65  4:32  Overlord  
  65  4:39  Roach x4  
  65  4:45  Roach x3  
  79  4:50  Roach  
  79  4:51  Roach  
  83  4:53  Overlord  
  83  4:57  Roach x2  
  79  5:09  Drone x3  
  79  5:10  Drone x5  
  79  5:14  Spore Crawler  
  77  5:15  Spore Crawler  
  77  5:16  Zergling x2  
  77  5:22  Roach x2  
  81  5:30  Overlord, Lair  
  81  5:33  Spore Crawler  
  81  5:34  Drone  
  81  5:35  Roach  
  83  5:36  Roach  
  83  5:37  Drone  
  83  5:38  Drone  
  83  5:41  Drone x2  
  89  5:45  Drone x3  
  92  5:52  Drone x3  
  91  6:04  Evolution Chamber  
  91  6:05  Drone x2  
  91  6:07  Extractor  
  91  6:09  Overlord  
  91  6:14  Roach x6  
  91  6:18  Extractor  
  102  6:20  Extractor  
  102  6:22  Drone x4  
  102  6:23  Drone  
  101  6:34  Glial Reconstitution  
  101  6:36  Drone x5  
  101  6:38  Overseer  
  104  6:41  Drone x2  
  104  6:44  Drone x3  
  104  6:45  Drone x2  
  110  6:51  Zerg Melee Weapons Level 1  
  110  6:55  Drone x4  
  110  6:57  Overlord  
  110  7:00  Overlord  
  114  7:07  Overlord  
  114  7:14  Drone x5  
  114  7:15  Overlord x2  
  114  7:21  Roach  
  114  7:22  Roach x2  
  119  7:25  Overlord  
  119  7:31  Drone x3, Baneling Nest  
  119  7:32  Drone  
  119  7:34  Extractor  
  119  7:37  Overlord  
  121  7:41  Drone x2  
  123  7:45  Hatchery  
  122  7:53  Overseer  
  122  7:54  Overlord  
  122  7:56  Ravager x2  
  124  8:00  Zergling x20  
  124  8:04  Overlord  
  134  8:07  Ravager x7  
  134  8:08  Ravager x2  
  134  8:09  Overlord  
  134  8:11  Ravager  
  144  8:14  Roach  
  144  8:15  Roach  
  144  8:19  Zergling x8  
  152  8:22  Centrifical Hooks  
  152  8:30  Roach x5  
  152  8:31  Overlord  
  152  8:33  Overlord  
  162  8:36  Baneling x3  
  162  8:46  Zergling x16  
  162  8:53  Baneling  
  162  8:54  Baneling, Zergling x10  
  164  9:00  Baneling x6  
  164  9:02  Ravager x2, Zergling x2  
  167  9:03  Zergling x2  
  167  9:09  Zergling x18  
  160  9:18  Roach x3  
  160  9:22  Roach  
  160  9:23  Roach x3  
  174  9:27  Baneling x4  
  174  9:28  Baneling x5  
  172  9:32  Baneling x8  
  165  9:49  Drone x12  
  165  9:52  Baneling x6  
  173  9:53  Baneling  
  173  9:56  Drone  
  173  9:57  Drone x2  
  176  10:08  Zergling x16  
  176  10:11  Drone x2  
  181  10:27  Zergling x20  
  181  10:32  Zergling x2  
  181  10:33  Zergling x6  
  179  10:40  Zergling x10  
  177  10:49  Hatchery  
  174  10:50  Zergling x6  
  174  10:55  Roach  
  174  10:56  Roach x2  
  181  11:00  Roach  
  183  11:04  Roach  
  183  11:05  Roach x4  
  183  11:08  Baneling x16  
  193  11:13  Overseer  
  193  11:20  Zergling x2  
  193  11:21  Zergling x10  
  193  11:25  Baneling x8  
  179  11:41  Zergling x2  
  179  11:42  Zergling x28  
  185  11:50  Infestation Pit  
  185  11:52  Baneling x2  
  185  11:53  Baneling x9  
  184  11:59  Zergling x16  
  184  12:03  Zergling x10  
  188  12:13  Zergling x16  
  192  12:30  Baneling x13  
  192  12:35  Zergling x28  
  198  12:41  Baneling x17  
  196  12:55  Zergling x8  
Tags
 
Add a new tag
Caveats
  • Supply blocks, unpowered buildings, or Contaminate may cause inaccurate times.
  • Supply counts are checked every 10 seconds.